 Dungeon Crawl Stone Soup version 0.30-a0-996-ga6910c8ee8 (webtiles) character file.

Game seed: 1296784064969996140

1425 xian the Skirmisher (level 8, -7/53 (61) HPs)
             Began as a Demonspawn Hunter on Apr 4, 2023.
             Was a Follower of Fedhas.
             Mangled by a wight
             ... wielding a +4 great sword
              (8 damage)
             ... on level 6 of the Dungeon.
             The game lasted 00:16:44 (5164 turns).

xian the Skirmisher (Demonspawn Hunter)             Turns: 5164, Time: 00:16:45

HP:   -7/53 (61)    AC: 20    Str: 11    XL:     8   Next: 44%
MP:   8/8           EV:  5    Int: 14    God:    Fedhas [*.....]
Gold: 147           SH:  0    Dex: 16    Spells: 7/7 levels left

rFire   . . .      SeeInvis .    d - +2 war axe (distort)
rCold   . . .      Faith    .    (no shield)
rNeg    . . .      Spirit   .    y - +3 chain mail
rPois   .          Reflect  .    (no helmet)
rElec   .          Rampage  .    (no cloak)
rCorr   .                        (no gloves)
Will    .....                    (no boots) Stlth
                                 (no amulet)
HPRegen 0.28/turn                e - +4 ring of protection
MPRegen 0.11/turn                l - +4 ring of protection

@: heavily drained
A: ignite blood 1, demonic magic 2, demonic touch 1
a: Renounce Religion


You were on level 6 of the Dungeon.
You worshipped Fedhas.
Fedhas was aware of your devotion.
You visited 2 branches of the dungeon, and saw 7 of its levels.
You also visited: Ossuary.

You collected 270 gold pieces.
You spent 123 gold pieces at shops.

Inventory:

Hand Weapons
 a - a +0 shortbow
 d - a +2 war axe of distortion (weapon)
Armour
 y - a +3 chain mail (worn)
Magical Staves
 w - a staff of fire
Jewellery
 e - a +4 ring of protection (left hand)
 l - a +4 ring of protection (right hand)
 D - a ring of flight
Scrolls
 b - 3 scrolls of immolation
 f - a scroll of blinking
 k - a scroll of poison {unknown}
 m - a scroll of torment {unknown}
 n - 2 scrolls of teleportation {unknown}
 o - a scroll of enchant weapon {unknown}
 q - 2 scrolls of brand weapon {unknown}
 r - a scroll of vulnerability
 u - a scroll of amnesia
 v - a scroll of fog
 x - a scroll of magic mapping
 A - a scroll of silence
 B - a scroll of enchant armour
Potions
 c - 3 potions of cancellation {unknown}
 g - 3 potions of brilliance {unknown}
 h - a potion of might {unknown}
 i - 5 potions of curing
 j - 2 potions of degeneration {unknown}
 p - a potion of mutation {unknown}
 s - a potion of lignification {unknown}
 t - 3 potions of flight {unknown}
 z - 2 potions of haste {unknown}
 C - a potion of magic {unknown}


   Skills:
 + Level 4.8 Fighting
 + Level 0.1 Axes
 + Level 8.6 Ranged Weapons
 + Level 3.1 Armour
 + Level 2.5 Dodging
 + Level 1.0 Stealth


You had 7 spell levels left.
You didn't know any spells.
Your spell library contained the following spells:

 Spells                   Type           Power      Damage    Failure   Level
 Gell's Gravitas          Tloc           0%         N/A       100%        3
 Teleport Other           Tloc           0%         N/A       100%        3
 Dispersal                Tloc           0%         N/A       100%        6


Dungeon Overview and Level Annotations

Branches:
Dungeon (6/15)             Temple (1/1) D:4         Ossuary (visited)

Altars:
Dithmenos
Fedhas
Kikubaaqudgha
Qazlal
Ru
Wu Jian
Xom
Yredelemnul
Lugonu

Shops:
D:4 **?

Portals:
Abyss: D:4


Innate Abilities, Weirdness & Mutations

Your demonic aura sometimes causes spilled blood to erupt in flames.
Spells you cast may paralyse nearby enemies.
Your touch may inflict minor irresistible damage on your foes.


Message History

You shoot an arrow. The arrow barely misses the wight.
The wight hits you with a +4 great sword!
You feel drained. The orc barely misses you.
The orc hits you but does no damage.
You are too injured to fight recklessly!
You are too injured to fight recklessly!
You are too injured to fight recklessly!
You are too injured to fight recklessly!
Unknown command.
The orc attacks as you move away! The orc barely misses you.
The orc attacks as you move away! The orc barely misses you.
The orc attacks as you move away! The orc hits you but does no damage.
The wight attacks as you move away!
The wight hits you with a +4 great sword.
You feel drained. The wight attacks as you move away!
The wight hits you but does no damage. The wight attacks as you move away!
The wight hits you but does no damage. The wight attacks as you move away!
The wight hits you with a +4 great sword!
Unknown command.
Really wield
d - a +2 war axe of distortion?
Space warps around you for a moment!
d - a +2 war axe of distortion (weapon)
The wight hits you but does no damage.
You hit the wight.
Space warps around the wight.
Your touch misses the wight. You punch the wight.
The wight is heavily damaged.
The wight hits you with a +4 great sword.
Unknown command.
You closely miss the wight.
The wight is heavily damaged.
The wight hits you with a +4 great sword!
* * * LOW HITPOINT WARNING * * *
You feel drained. The wight closely misses you.
Unknown command.
You barely miss the wight.
The wight is heavily damaged.
The wight hits you with a +4 great sword!
You die...
Fedhas appreciates your contribution to the ecosystem.

##### ### ####...#
#..## #......# .....#
#......# ......#
##.._...# #. .......##
#..P....# #.#
......).## #......##
#.# .........##
#..##### #.#
....)>....# ##@# ###.#
..........## ##z#
##...#
...........###.o#
##...#
...........o..o##
#....###
...............#
##.##...##
.............###
##.###....#
.........[.....####)##
#.##.##
.................##.#
#.###.##
..................#.#
.## ##.##


You could see a wight and 2 orcs.

Vanquished Creatures
  Sigmund (D:6)
  A wraith (Ossuary)
  A black bear (D:3)
  A bullfrog (D:6)
  2 scorpions
  A water moccasin zombie (Ossuary)
  A wight (D:6)
  5 centaur zombies (Ossuary)
  A jelly (D:5)
  2 orc priests
  3 hounds
  2 iguanas
  2 orc wizards
  2 scorpion zombies (Ossuary)
  4 adders
  3 white imps
  2 ufetubi
  An adder zombie (Ossuary)
  2 worms
  3 dart slugs
  11 orcs
  2 endoplasms
  2 giant cockroaches
  A gnoll zombie (Ossuary)
  5 goblins
  9 hobgoblins
  3 quokkas
  4 ball pythons
  3 bats
  4 frilled lizards
  3 goblin zombies (Ossuary)
  7 hobgoblin zombies (Ossuary)
  8 kobolds
  An orc zombie (Ossuary)
  3 rats
  A lurking horror (D:4)
107 creatures vanquished.

Vanquished Creatures (others)
  A human (D:3)
  3 withered plants (D:6)
4 creatures vanquished.

Grand Total: 111 creatures vanquished

Notes
Turn   | Place    | Note
-------+----------+-------------------------------------------
     0 | D:1      | xian the Demonspawn Hunter began the quest for the Orb.
     0 | D:1      | Reached XP level 1. HP: 16/16 MP: 1/1
   334 | D:1      | Reached skill level 4 in Ranged Weapons
   334 | D:1      | Gained mutation: Spells you cast may paralyse adjacent
                  | enemies. [demonic ancestry]
   334 | D:1      | Reached XP level 2. HP: 20/22 MP: 2/2
   959 | D:2      | Gained mutation: Your demonic aura sometimes causes spilled
                  | blood to erupt in flames. [demonic ancestry]
   959 | D:2      | Reached XP level 3. HP: 27/27 MP: 3/3
  1430 | D:3      | Found an ancient bone altar of Kikubaaqudgha.
  1430 | D:3      | Noticed a human
  1433 | D:3      | Killed a human
  1750 | D:3      | Reached skill level 5 in Ranged Weapons
  1750 | D:3      | Reached XP level 4. HP: 15/33 MP: 4/4
  2174 | D:4      | Gained mutation: Spells you cast may paralyse nearby
                  | enemies. [demonic ancestry]
  2174 | D:4      | Reached XP level 5. HP: 36/38 MP: 5/5
  2215 | D:4      | Found a one-way gate to the infinite horrors of the Abyss.
  2215 | D:4      | Found a corrupted altar of Lugonu.
  2329 | D:4      | Found a staircase to the Ecumenical Temple.
  2389 | D:4      | Noticed a black bear
  2453 | D:3      | Killed a black bear
  2454 | D:3      | Reached skill level 6 in Ranged Weapons
  2528 | D:4      | Found a sacrificial altar of Ru.
  2619 | Temple   | Entered the Ecumenical Temple
  2637 | Temple   | Became a worshipper of Fedhas Madash
  2765 | D:4      | Found a shadowy altar of Dithmenos.
  2800 | D:4      | Found Ostonuen's Magic Scroll Boutique.
  2809 | D:4      | Bought a scroll of identify for 26 gold pieces
  2857 | D:4      | Reached skill level 1 in Armour
  2857 | D:4      | Gained mutation: Your touch may inflict minor irresistible
                  | damage on your foes. [demonic ancestry]
  2857 | D:4      | Reached XP level 6. HP: 14/46 MP: 6/6
  3019 | D:4      | Found Xosk's General Store.
  3026 | D:4      | Found Ybikuol's Specific Store.
  3040 | D:4      | Bought a scroll of magic mapping for 97 gold pieces
  3131 | D:5      | Entered Level 5 of the Dungeon
  3357 | D:5      | Found a sand-covered staircase.
  3379 | Ossuary  | Entered an ossuary
  3457 | Ossuary  | Reached XP level 7. HP: 48/52 MP: 7/7
  3521 | Ossuary  | Reached * piety under Fedhas
  3529 | Ossuary  | Reached skill level 7 in Ranged Weapons
  3620 | Ossuary  | Noticed a wraith
  3632 | Ossuary  | Killed a wraith
  3762 | Ossuary  | Noticed a silent spectre
  4241 | D:5      | Reached XP level 8. HP: 60/60 MP: 8/8
  4586 | D:6      | Reached skill level 8 in Ranged Weapons
  4725 | D:6      | Noticed Sigmund
  5044 | D:6      | Killed Sigmund
  5045 | D:6      | Reached skill level 1 in Stealth
  5115 | D:6      | Found a basalt altar of Yredelemnul.
  5163 | D:6      | HP: 1/55 [wight/+4 great sword (17)]
  5164 | D:6      | Mangled by a wight

Illustrated notes

Levels and vault maps discovered:
D:1:      dpeg_arrival_yet_another_circle, layout_basic
D:2:      layout_basic
D:3:      layout_basic, tgw_kikubaaqudgha
D:4:      layout_gridville, nicolae_dithmenos_through_a_glass_darkly,
          mainiacjoe_overflow_paths, lemuel_temple_firewalk_b, serial_shops,
          shop, nicolae_specific_store, amcnicky_altar_lugonu_corruption
D:5:      layout_basic, enter_ossuary_1
D:6:      layout_layer_cave, yredelemnul_altar_generic, uniq_menkaure,
          uniq_sigmund, uniq_crazy_yiuf_cottage
Temple:   regret_index_temple_sphere_string

Skill      XL: |  1  2  3  4  5  6  7  8 |
---------------+-------------------------+-----
Ranged Weapons | 4 5 6 7 8 |  8.6
Dodging        | 2 |  2.5
Armour         | 1 2 3 |  3.1
Fighting       | 3 4 |  4.8
Stealth        | 1 |  1.0
Axes           | |  0.1

Action                     |  1- 3 |  4- 6 |  7- 9 || total
---------------------------+-------+-------+-------++-------
  Melee: War axe           |       |       |     4 ||     4
         Shortbow          |       |       |     1 ||     1
         Punch             |       |       |     1 ||     1
   Fire: Shortbow          |    92 |   182 |   175 ||   449
    Use: Scroll            |       |     4 |     4 ||     8
         Potion            |       |       |     1 ||     1
 Armour: Scale mail        |    17 |    97 |       ||   114
         Chain mail        |       |    62 |   324 ||   386
  Dodge: Dodged            |    31 |   104 |   109 ||   244

Table legend: (Time is in decaauts)
 A = Elapsed time spent in this place.
 B = Non-inter-level travel time spent in this place.
 C = Inter-level travel time spent in this place.
 D = Time resting spent in this place.
 E = Time spent auto-exploring this place.
 F = Levels seen in this place.
 G = Mean time per level.
                   A        B        C        D        E       F      G
               +--------+--------+--------+--------+--------+-----+--------+
         Total |   5457 |   5199 |    258 |     80 |   3765 |   8 |  682.1 |
       Dungeon |   4909 |   4660 |    249 |     80 |   3485 |   6 |  818.2 |
        Temple |     28 |     19 |      9 |      0 |      9 |   1 |   28.0 |
       Ossuary |    519 |    519 |      0 |      0 |    271 |   1 |  519.0 |
               +--------+--------+--------+--------+--------+-----+--------+

Top non-repeatable levels by time:
     D:4: 1030 daAuts
     D:5: 1027 daAuts
     D:2: 863 daAuts
     D:3: 809 daAuts
     D:6: 589 daAuts
     D:1: 588 daAuts
 Ossuary: 519 daAuts
  Temple: 28 daAuts
